Map: Jagannatha LE

Players

Epic

  • Race: Terran Terran
  • League: Grandmaster
  • Spawn Location: 1:00

Namshar - Winner!

  • Race: Zerg Zerg
  • League: Grandmaster
  • Spawn Location: 7:00

Event: DreamHack SC2 Masters 2020 Winter

VOD

Have the link to the VOD?

Description

Time

  • Played on: Oct. 27, 2020, 5:42 p.m.
  • Length: 17:08

All games in this series

Show
View Real Time Build Order
Export as new Build Order

Epic Terran 

Build Orders: Reaper Expand, Hellion Banshee 

Get SALT Encoding   

  12  0:00  SCV  
  13  0:12  SCV  
  14  0:16  Supply Depot  
  14  0:24  SCV  
  15  0:38  SCV  
  15  0:39  Barracks  
  16  0:43  Refinery  
  16  0:50  SCV  
  17  1:02  SCV  
  18  1:14  SCV  
  19  1:26  Orbital Command, Reaper  
  20  1:39  Command Center  
  20  1:46  Supply Depot  
  20  1:52  SCV  
  21  1:58  Marine  
  22  2:04  SCV  
  23  2:10  Factory  
  23  2:12  Refinery  
  23  2:16  SCV  
  23  2:20  Barracks Reactor  
  24  2:28  SCV  
  25  2:40  SCV  
  26  2:51  Orbital Command  
  26  2:53  SCV  
  26  2:57  Starport  
  27  3:02  Hellion x2  
  27  3:04  Barracks Tech Lab  
  27  3:05  SCV  
  32  3:13  Supply Depot  
  32  3:17  SCV x2  
  34  3:23  Hellion x2  
  38  3:29  SCV x2  
  40  3:38  Cloaking Field, Banshee  
  43  3:42  SCV x2  
  43  3:45  Hellion x2  
  49  3:50  Supply Depot  
  49  3:54  SCV x2  
  51  4:06  SCV x2  
  53  4:12  Barracks Tech Lab  
  53  4:13  Command Center  
  53  4:18  SCV x2  
  53  4:21  Banshee  
  53  4:23  Supply Depot  
  58  4:28  Barracks  
  58  4:30  SCV x2  
  60  4:33  Stimpack  
  60  4:38  Barracks, Factory Reactor  
  60  4:43  SCV x2  
  62  4:50  Engineering Bay  
  62  4:51  Engineering Bay  
  62  4:55  SCV x2  
  65  5:07  SCV x2, Refinery  
  65  5:08  Supply Depot, Refinery  
  65  5:13  Starport Reactor  
  66  5:15  Marine x2  
  66  5:16  Marine  
  66  5:18  Terran Infantry Armor Level 1, Terran Infantry Weapons Level 1  
  66  5:19  SCV x2  
  69  5:26  Orbital Command  
  69  5:29  Siege Tank  
  69  5:31  SCV x2  
  69  5:34  Marine  
  69  5:35  Marine x3  
  76  5:36  Marine  
  77  5:43  SCV x2  
  79  5:50  Orbital Command  
  79  5:51  Medivac x2  
  79  5:55  SCV x2  
  85  5:58  Marine x5  
  85  6:02  Barracks  
  85  6:03  Supply Depot, Barracks  
  90  6:07  Supply Depot  
  90  6:11  Siege Tank  
  90  6:15  Supply Depot x2  
  93  6:23  Combat Shield  
  93  6:24  Marine x4  
  93  6:25  SCV x3, Marine  
  98  6:36  Armory  
  98  6:37  SCV x2  
  100  6:40  SCV  
  100  6:41  Supply Depot  
  100  6:45  Marine x3  
  100  6:46  Marine  
  100  6:47  Marine  
  105  6:49  SCV x2  
  105  6:53  SCV  
  109  6:54  Factory Reactor  
  109  6:59  Barracks Reactor x2  
  109  7:01  SCV x2  
  109  7:04  Marine x4, Refinery  
  115  7:13  Supply Depot  
  115  7:15  Supply Depot, SCV x3  
  117  7:19  Marine  
  117  7:22  Marine x3  
  120  7:23  Terran Infantry Weapons Level 2, Terran Infantry Armor Level 2  
  118  7:31  Factory, Widow Mine x2, Command Center  
  122  7:39  Missile Turret  
  122  7:40  Missile Turret  
  122  7:41  Marine x7, Missile Turret  
  129  7:44  Marine x2  
  129  7:49  Medivac x2  
  132  7:54  Widow Mine x2  
  132  7:57  Supply Depot  
  136  8:00  Supply Depot  
  136  8:03  Marine x4, Marauder  
  136  8:04  Marine x4  
  146  8:10  Terran Vehicle And Ship Armor Level 1  
  146  8:15  Supply Depot, Drilling Claws  
  146  8:16  Supply Depot  
  146  8:18  Thor  
  152  8:21  Marine x2  
  152  8:23  Medivac x2  
  158  8:28  Widow Mine x2  
  158  8:32  Supply Depot x2  
  162  8:34  Marine  
  162  8:37  Marine x4  
  162  8:40  Marine x3  
  169  8:49  Barracks  
  169  8:50  Widow Mine x2, Barracks  
  169  8:52  Barracks  
  173  9:00  Medivac x2  
  177  9:03  Thor  
  177  9:06  Missile Turret  
  177  9:09  Missile Turret  
  183  9:10  Missile Turret  
  183  9:12  Widow Mine x2  
  183  9:15  Planetary Fortress  
  187  9:22  Marine x7, Marauder  
  187  9:23  Marine  
  186  9:40  Widow Mine x2, Medivac x2  
  186  9:42  Barracks Tech Lab x2  
  186  9:43  Barracks Tech Lab  
  188  9:49  SCV  
  188  9:50  SCV x2  
  188  9:51  Refinery  
  188  9:52  SCV  
  192  9:53  Command Center  
  192  9:57  Thor  
  198  10:02  Marauder  
  200  10:13  Marauder  
  200  10:14  Marauder x2  
  200  10:26  Medivac x2  
  198  10:32  Refinery  
  179  10:39  Marine, Marauder x2  
  179  10:40  Marauder  
  179  10:42  Marine x2  
  140  10:44  Marine x5, Marauder  
  140  10:45  Widow Mine x2, Thor  
  152  10:57  Marine  
  152  10:59  Medivac x2, Marine  
  152  11:00  Marine  
  152  11:01  Marauder x3, Marine  
  152  11:02  Marine x4  
  170  11:05  Marauder  
  170  11:08  Command Center  
  172  11:12  Command Center  
  172  11:13  Widow Mine x2  
  172  11:15  Marine  
  172  11:17  Marine x2  
  179  11:19  Marine x5  
  179  11:21  Terran Infantry Armor Level 3  
  179  11:22  Marine x2  
  186  11:29  Widow Mine  
  180  11:34  Widow Mine  
  180  11:35  Widow Mine  
  180  11:36  Marine  
  180  11:37  Marine x5  
  177  11:41  Medivac x2  
  165  11:47  Terran Infantry Weapons Level 3  
  157  11:54  Marine x2, Marauder x2  
  157  11:55  Marauder  
  157  11:57  Widow Mine x3  
  165  12:02  Marine x3, Marauder  
  165  12:03  Concussive Shells  
  165  12:06  Marine x3  
  173  12:12  Marine x2  
  173  12:15  Marine  
  177  12:16  Marauder, Marine  
  177  12:18  Widow Mine  
  177  12:19  Widow Mine  
  177  12:20  Marine x2  
  182  12:28  Thor  
  179  12:33  Missile Turret  
  179  12:35  Missile Turret  
  179  12:42  Marauder x2  
  178  12:48  Marauder x2  
  182  12:59  Orbital Command  
  182  13:00  Command Center  
  182  13:09  Marauder x2, Marine x8  
  182  13:10  Widow Mine x2, Marauder  
  194  13:20  Widow Mine, Medivac x2  
  199  13:31  Marine, Marauder  
  186  13:47  Marine x7  
  186  13:48  Thor, Widow Mine, Marauder x3  
  171  13:49  Widow Mine  
  149  13:57  Planetary Fortress  
  149  14:00  Medivac x2  
  150  14:10  Marine x8, Marauder x4  
  170  14:17  Widow Mine x2  
  170  14:19  Missile Turret  
  170  14:28  Marine x4  
  170  14:30  Medivac x2  
  178  14:34  Thor  
  178  14:37  SCV x3  
  178  14:38  SCV x3  
  187  14:41  Orbital Command  
  187  14:45  Marine x8  
  194  14:49  SCV  
  132  15:04  Widow Mine x2, Missile Turret  
  132  15:11  Marine x7  
  132  15:21  Medivac  
  129  15:31  SCV x2  
  129  15:34  SCV  
  132  15:42  Widow Mine x2  
  136  15:43  Widow Mine  
  136  15:48  Marine x3  
  141  15:54  Marine x2  
  141  15:55  Marine  
  129  16:04  Widow Mine x2  
  129  16:05  Widow Mine  
  129  16:06  Orbital Command  
  121  16:11  Marine  
  121  16:12  Marine x3, Marauder  
  103  16:26  Medivac x2  
  103  16:28  Marine x3  
  104  16:41  Marine x4  
Show
View Real Time Build Order
Export as new Build Order

Namshar Zerg - Winner!

Build Orders: Hatch First, Muta Ling Bane 

Get SALT Encoding   

  12  0:00  Drone  
  13  0:12  Overlord  
  13  0:16  Drone  
  14  0:30  Drone x2  
  16  0:48  Hatchery  
  15  0:51  Drone  
  15  0:55  Drone  
  17  0:57  Drone  
  18  1:08  Extractor  
  17  1:13  Spawning Pool  
  17  1:17  Drone  
  17  1:20  Drone  
  18  1:28  Drone  
  19  1:39  Drone  
  20  1:49  Drone  
  21  1:59  Queen x2  
  21  2:00  Zergling x4  
  27  2:14  Hatchery  
  26  2:19  Overlord  
  26  2:28  Drone x2  
  27  2:30  Metabolic Boost  
  27  2:39  Drone x2  
  27  2:40  Drone  
  30  2:47  Drone  
  30  2:50  Overlord  
  31  2:56  Queen  
  33  2:59  Drone  
  33  3:03  Drone  
  35  3:11  Drone  
  35  3:12  Drone x4  
  40  3:15  Queen  
  43  3:20  Drone  
  43  3:22  Overlord  
  43  3:28  Queen  
  45  3:36  Queen, Overlord  
  45  3:39  Drone  
  48  3:42  Overlord  
  48  3:47  Zergling x4  
  50  3:52  Drone x2  
  50  3:53  Drone x2  
  54  3:56  Queen  
  54  4:00  Drone  
  54  4:01  Drone  
  58  4:06  Overlord  
  58  4:08  Drone x2  
  60  4:12  Drone x3  
  60  4:14  Spore Crawler  
  62  4:20  Spore Crawler  
  62  4:22  Spore Crawler  
  62  4:23  Lair  
  60  4:25  Zergling x2  
  60  4:26  Zergling x2  
  60  4:29  Zergling x2  
  60  4:30  Zergling x4  
  65  4:45  Drone x5, Overlord  
  70  4:52  Drone, Extractor  
  70  4:53  Drone x5, Extractor  
  70  4:57  Overlord  
  70  4:58  Drone, Zergling x4  
  77  5:02  Drone  
  78  5:10  Evolution Chamber  
  78  5:13  Evolution Chamber, Drone x3, Baneling Nest  
  78  5:22  Drone x6  
  78  5:24  Zergling x4  
  78  5:27  Overseer  
  86  5:28  Overlord  
  86  5:29  Drone x3  
  86  5:31  Extractor  
  86  5:33  Extractor  
  86  5:35  Extractor  
  86  5:43  Drone x5  
  86  5:47  Spire  
  90  5:52  Queen  
  90  5:56  Drone x3  
  90  5:57  Drone x2  
  95  5:58  Centrifical Hooks  
  95  6:08  Overlord x2  
  94  6:11  Drone x2  
  94  6:14  Zerg Ground Armor Level 1, Zerg Melee Weapons Level 1, Hatchery  
  94  6:22  Overlord x3  
  94  6:23  Drone  
  95  6:31  Overlord  
  95  6:32  Overlord  
  95  6:33  Pneumatized Carapace  
  95  6:39  Baneling x3  
  95  6:41  Drone  
  95  6:42  Zergling x16  
  104  6:47  Hatchery  
  104  6:51  Zergling x4  
  105  6:55  Baneling  
  105  6:56  Baneling x4  
  105  6:59  Zergling x8  
  109  7:01  Zerg Flyer Weapons Level 1  
  109  7:02  Mutalisk x2  
  113  7:08  Mutalisk x2  
  115  7:21  Mutalisk x2  
  118  7:26  Zergling x2  
  118  7:27  Zergling x10  
  122  7:35  Mutalisk x3, Overlord  
  128  7:38  Spore Crawler x2  
  126  7:51  Spore Crawler  
  126  7:54  Overseer  
  126  7:55  Mutalisk x2, Baneling x2  
  126  7:56  Drone x8  
  126  7:57  Drone x2  
  140  8:05  Overseer  
  141  8:08  Drone x3, Extractor x2  
  141  8:09  Drone x2, Baneling  
  141  8:10  Baneling x4  
  141  8:11  Baneling x2  
  146  8:21  Zerg Melee Weapons Level 2  
  146  8:24  Drone  
  145  8:31  Zergling x10  
  145  8:32  Overlord x4  
  145  8:33  Zerg Ground Armor Level 2, Overlord x2  
  150  8:39  Zergling x14  
  151  8:44  Drone x4  
  155  8:49  Drone  
  156  8:58  Queen  
  156  8:59  Zerg Flyer Weapons Level 2  
  156  9:01  Drone  
  156  9:02  Infestation Pit  
  158  9:05  Zergling x24  
  158  9:06  Zergling x8  
  174  9:14  Baneling x2  
  174  9:15  Mutalisk x5  
  185  9:24  Zergling x6  
  182  9:38  Mutalisk x5  
  192  9:45  Hive  
  192  9:52  Baneling x6  
  192  9:57  Zergling x16  
  196  10:12  Zergling x36  
  197  10:15  Baneling x18  
  197  10:27  Zergling x18  
  179  10:36  Zergling x16  
  179  10:39  Zergling x2  
  166  10:44  Mutalisk  
  166  10:45  Mutalisk x2  
  171  10:58  Mutalisk x3  
  171  11:00  Zergling x18  
  171  11:04  Zerg Ground Armor Level 3  
  185  11:05  Zerg Melee Weapons Level 3  
  185  11:06  Hatchery  
  185  11:07  Zergling x10  
  185  11:09  Baneling x5  
  189  11:14  Zergling x4  
  189  11:15  Overseer  
  189  11:16  Overseer  
  191  11:31  Hatchery  
  188  11:33  Zergling x2  
  188  11:34  Zergling x20  
  188  11:39  Zergling x16  
  195  11:41  Hatchery  
  195  11:44  Zergling x2  
  195  11:45  Zergling x2  
  188  11:48  Zergling x2  
  188  11:49  Zergling x14  
  180  11:55  Zergling x16  
  180  12:00  Zerg Flyer Armor Level 1  
  183  12:02  Baneling x5  
  183  12:03  Baneling x12  
  183  12:04  Overlord x2  
  183  12:10  Baneling  
  183  12:11  Baneling, Overseer x2  
  183  12:12  Zergling x6  
  183  12:13  Zergling x8  
  188  12:25  Zergling x2  
  188  12:26  Zergling x16  
  185  12:34  Overseer  
  185  12:35  Drone  
  183  12:38  Drone, Ultralisk Cavern  
  177  12:45  Baneling  
  177  12:46  Mutalisk, Baneling x3  
  177  12:47  Mutalisk x7  
  191  12:57  Zergling x18  
  190  13:23  Zergling x2  
  190  13:24  Zergling x18  
  190  13:25  Baneling x12  
  178  13:47  Zergling x14  
  178  13:48  Zergling x12  
  161  13:56  Mutalisk x7  
  161  13:58  Zergling x28  
  161  14:01  Zerg Flyer Weapons Level 3, Chitinous Plating  
  188  14:03  Overseer x2  
  188  14:08  Baneling  
  188  14:09  Baneling x10  
  188  14:12  Zergling x14  
  195  14:17  Drone  
  195  14:22  Zergling x2  
  195  14:23  Zergling x6  
  199  14:30  Hatchery  
  182  14:39  Ultralisk x2  
  171  14:53  Mutalisk x5  
  167  15:01  Ultralisk, Zergling x24  
  182  15:10  Ultralisk, Zergling x6  
  187  15:16  Baneling  
  187  15:17  Baneling x6  
  187  15:19  Anabolic Synthesis  
  187  15:26  Baneling  
  187  15:27  Baneling x5  
  187  15:30  Zergling x24  
  187  15:34  Baneling x10  
  195  15:53  Baneling x3  
  195  15:54  Zergling x12  
  179  16:14  Ultralisk, Zergling x2  
  179  16:15  Zergling x18  
  177  16:29  Baneling x23  
  177  16:30  Zergling x12  
  187  16:36  Hatchery  
  187  16:38  Baneling x9  
  183  16:47  Zergling x2  
  183  16:48  Zergling x18  
Tags
 
Add a new tag
Caveats
  • Supply blocks, unpowered buildings, or Contaminate may cause inaccurate times.
  • Supply counts are checked every 10 seconds.